Cogmind - Beta 17 @@@ ROGUE MODE // 2026.07.06 @ 12:52:09 // Winter2019/RPGLIKE Player: Gallgagger Result: Smashed by cave-in Performance ------------- Evolutions (0) 0 Regions Visited (4) 800 Robots Destroyed (3) 15 Value Destroyed (53) 53 Prototype IDs (1) 20 Alien Tech Used (0) 0 Bonus (300) 300 TOTAL SCORE: 1188 Bonus ------- Registered with UFD 300 Cogmind --------- Core Integrity 0/1150 Matter 300/300 Energy 98/100 System Corruption 10% Temperature Cool (0) Movement Core (50) Location -9/Scraptown Parts ------- > --- POWER (1) -------- Subdweller Power Source > --- PROPULSION (2) --- (None) > --- UTILITY (2) ------ (None) > --- WEAPON (2) ------- LU-1G1's Laser Shovel > --- INVENTORY (0) ---- (None) Peak State ------------ > --- POWER ------------ Subdweller Power Source > --- PROPULSION ------- Hover Unit Makeshift Flight Unit > --- UTILITY ---------- Improved Terrain Scanner Tractor Beam > --- WEAPON ----------- Subdweller Laser LU-1G1's Laser Shovel > --- INVENTORY -------- (None) [Rating: 19] Favorites ----------- Power Subdweller Power Source Engine Subdweller Power Source Propulsion Hover Unit Hover Unit Hover Unit Flight Unit Makeshift Flight Unit Utility Tractor Beam Device Tractor Beam Weapon Subdweller Laser Energy Gun Subdweller Laser Ballistic Gun Assault Rifle Special Weapon LU-1G1's Laser Shovel Build | -11 -10 -10 -9 -9 ------- Run | Yrd Mat Sub Rec Scr Slots Evolved 3 | 2 1 . . . Power . | . . . . . Propulsion 1 | . 1 . . . Utility 1 | 1 . . . . Weapon 1 | 1 . . . . Parts Attached 10 | 4 2 3 . 1 Power 1 | . . 1 . . Engine 1 | . . 1 . . Core . | . . . . . Reactor . | . . . . . Propulsion 3 | . 2 1 . . Treads . | . . . . . Leg . | . . . . . Wheel . | . . . . . Hover 2 | . 2 . . . Flight 1 | . . 1 . . Utility 2 | 2 . . . . Device 2 | 2 . . . . Storage . | . . . . . Processor . | . . . . . Hackware . | . . . . . Protection . | . . . . . Artifact . | . . . . . Weapon 4 | 2 . 1 . 1 Energy Gun 2 | 1 . 1 . . Energy Cannon . | . . . . . Ballistic Gun 1 | 1 . . . . Ballistic Cannon . | . . . . . Launcher . | . . . . . Special Weapon 1 | . . . . 1 Impact Weapon . | . . . . . Slashing Weapon . | . . . . . Piercing Weapon . | . . . . . Special Melee Weapon . | . . . . . Unidentified Prototypes 1 | . . . . 1 Parts Lost 4 | . . . . 4 Power . | . . . . . Propulsion 2 | . . . . 2 Utility 2 | . . . . 2 Weapon . | . . . . . Highest Loss Streak 2 | . . . . 2 To Critical Strikes . | . . . . . Average Backups . | . . . . . Power . | . . . . . Propulsion . | . . . . . Utility . | . . . . . Weapon . | . . . . . Tool/Special . | . . . . . Unused Backups . | . . . . . Power . | . . . . . Propulsion . | . . . . . Utility . | . . . . . Weapon . | . . . . . Tool/Special . | . . . . . Average Slot Usage (%) 67 | . 45 75 85 70 Engine 8 | . . 9 14 14 Hover 18 | . 14 26 14 8 Flight 5 | . . 1 14 13 Device 26 | . 30 28 28 19 Energy Gun 7 | . . 9 14 8 Special Weapon 1 | . . . . 5 Peak Build Rating 19 | 6 6 13 13 19 Average Rating 9 | 3 5 8 13 12 On Entrance 7 | . 4 6 13 13 Avg Prop Armor Cover (%) 10 | . . 11 11 10 Naked Turns . | . . . . . Heaviest Build 11 | 6 2 11 11 11 Greatest Support 13 | 3 12 13 13 13 Greatest Overweight (x) 1 | 1 . . . . Average Overweight (x) . | . . . . . Largest Inventory Capacity . | . . . . . Average Capacity . | . . . . . Most Carried . | . . . . . Average Carried . | . . . . . Final Capacity . | . . . . . Final Carried . | . . . . . Class Distribution -------------------- 100% | Mutant Dominant Class ---------------- Mutant | -10/Materials Mutant | -10/Subcaves Mutant | -9/Recycling Mutant | -9/Scraptown Resources | -11 -10 -10 -9 -9 ----------- Run | Yrd Mat Sub Rec Scr Matter Collected 296 | 221 . 75 . . Remotely 207 | 132 . 75 . . Salvage Created 169 | 119 . 50 . . Parts 6 | 4 . 2 . . Haulers Intercepted . | . . . . . Recyclers Shooed . | . . . . . Parts Field Recycled . | . . . . . Retrieved Matter . | . . . . . Parts Self-Destructed 2 | . . 2 . . Prevented . | . . . . . Parts Restored . | . . . . . Kills | -11 -10 -10 -9 -9 ------- Run | Yrd Mat Sub Rec Scr Combat Hostiles Destroyed 1 | . . 1 . . Guns 1 | . . 1 . . Classes Destroyed 3 | 2 . 1 . . Tunneler 1 | 1 . . . . Recycler 1 | 1 . . . . Subdweller 1 | . . 1 . . Best Kill Streak 2 | 2 . 1 . . Combat Bots Only 1 | . . 1 . . Max Kills in Single Turn 1 | 1 . 1 . . Gunslinging . | . . . . . Exploded . | . . . . . Melee . | . . . . . Uniques/NPCs Destroyed . | . . . . . Combat | -11 -10 -10 -9 -9 -------- Run | Yrd Mat Sub Rec Scr Hostile Shots Fired 105 | . 20 66 . 19 Missed 48 | . 5 33 . 10 Hits 57 | . 15 33 . 9 Projectile 57 | . 15 33 . 9 Damage Taken 1384 | . 159 516 . 709 Core 1175 | . 148 444 . 583 Absorbed by Shields . | . . . . . Redirected to Core 734 | . 40 234 . 460 Core Remaining (%) 100 | 100 . . . . Volleys Fired 19 | 2 . 7 . 10 Largest 2 | 2 . 1 . 1 Hottest 60 | 60 . 60 . 60 Shots Fired 21 | 4 . 7 . 10 Gun 15 | 4 . 7 . 4 Cannon . | . . . . . Launcher . | . . . . . Special 6 | . . . . 6 Kinetic 2 | 2 . . . . Thermal 17 | . . 7 . 10 Explosive . | . . . . . Electromagnetic 2 | 2 . . . . Robot Hit Streak 4 | 3 . 4 . . Robot Miss Streak 1 | 1 . 1 . . Penetration Max . | . . . . . Secondary Targets . | . . . . . Shots Hit Robots 6 | 3 . 3 . . Core Hits 4 | 2 . 2 . . Critical Kills . | . . . . . Critical Parts Destroyed . | . . . . . Critical Strikes . | . . . . . Melee Attacks . | . . . . . Impact . | . . . . . Slashing . | . . . . . Piercing . | . . . . . Sneak Attacks . | . . . . . Combat Hostiles . | . . . . . Follow-up Attacks . | . . . . . Damage Inflicted 107 | 40 . 67 . . Guns 107 | 40 . 67 . . Cannons . | . . . . . Explosions . | . . . . . Melee . | . . . . . Ramming . | . . . . . Kinetic 10 | 10 . . . . Thermal 67 | . . 67 . . Explosive . | . . . . . Electromagnetic 30 | 30 . . . . Impact . | . . . . . Slashing . | . . . . . Piercing . | . . . . . Highest Corruption 10 | . . . . 10 Average Corruption 6 | . . . . 6 Corruption Purged . | . . . . . Corruption Blocked . | . . . . . Effects 3 | . . . . 3 Message Errors 2 | . . . . 2 Energy Discharges 1 | . . . . 1 Overload Shots . | . . . . . Overflow Damage . | . . . . . Projectiles . | . . . . . Explosions . | . . . . . Melee . | . . . . . Knockbacks . | . . . . . Impact . | . . . . . Kinetic . | . . . . . Secondary . | . . . . . Self-Inflicted Damage . | . . . . . Shots . | . . . . . Rammed . | . . . . . Targets Rammed . | . . . . . Kicked . | . . . . . Crushed . | . . . . . Highest Temperature 57 | . . . . 57 Average Temperature 30 | . . . . 30 Received Heat Transfer 213 | . 90 63 . 60 Siege Activations . | . . . . . Martial Activations . | . . . . . Shielding Activations . | . . . . . Robots Disrupted . | . . . . . Combat Hostiles . | . . . . . Robots Corrupted . | . . . . . Combat Hostiles . | . . . . . Parts Fried . | . . . . . Impact Corruptions . | . . . . . Robots Melted . | . . . . . Combat Hostiles . | . . . . . Parts Melted . | . . . . . Heat Transferred 75 | . . 75 . . Parts Sabotaged . | . . . . . Parts Stolen . | . . . . . Parts Stripped . | . . . . . Power Chain Reactions . | . . . . . Alert | -11 -10 -10 -9 -9 ------- Run | Yrd Mat Sub Rec Scr Maximum Alert Level . | . . . . . Low Security (%) 100 | 100 100 . 100 . Level 1 . | . . . . . Level 2 . | . . . . . Level 3 . | . . . . . Level 4 . | . . . . . Level 5 . | . . . . . High Security . | . . . . . Max Security . | . . . . . Peak Influence 15 | 10 15 . 14 . Initial 14 | . . . 14 . Average 1 | 1 . . 3 . Influence Increases 55 | 10 15 30 . . Destroy 0b10 Robot/NC 10 | 10 . . . . Lose Combat Pursuer 45 | . 15 30 . . Influence Decreases 55 | 10 15 . 30 . Entered New Map 16 | . . . 16 . Time Decay 39 | 10 15 . 14 . Squads Dispatched 2 | . 2 . . . Investigation . | . . . . . Extermination . | . . . . . Reinforcement 2 | . 2 . . . Assault . | . . . . . Garrison . | . . . . . Intercept . | . . . . . Searches Triggered . | . . . . . Construction Impeded . | . . . . . Haulers Reinforced . | . . . . . Active Scanning Responses . | . . . . . Cargo Convoy Interrupts . | . . . . . Stealth | -11 -10 -10 -9 -9 --------- Run | Yrd Mat Sub Rec Scr Distress Signals . | . . . . . Communications Jammed . | . . . . . Distress Signals . | . . . . . Times Spotted 25 | . 6 15 . 4 Peak Tracking Total 13 | . 3 10 . 13 Tactical Retreats 6 | . 1 2 . 3 Traps | -11 -10 -10 -9 -9 ------- Run | Yrd Mat Sub Rec Scr Traps Triggered 3 | . . 3 . . Indirectly . | . . . . . Trap Hack Attempts . | . . . . . Triggered . | . . . . . Disarmed . | . . . . . Reprogrammed . | . . . . . Reused . | . . . . . Traps Extracted . | . . . . . Installed . | . . . . . Triggered . | . . . . . Machines | -11 -10 -10 -9 -9 ---------- Run | Yrd Mat Sub Rec Scr Machines Disabled 16 | . . . . 16 Max in Single Turn 1 | . . . . 1 Machines Repaired . | . . . . . Machines Dismantled . | . . . . . Machines Sabotaged . | . . . . . Overloaded Fab Kills . | . . . . . Hacking | -11 -10 -10 -9 -9 --------- Run | Yrd Mat Sub Rec Scr Machines Accessed 1 | . . 1 . . Terminals . | . . . . . Fabricators . | . . . . . Repair Stations . | . . . . . Recycling Units . | . . . . . Scanalyzers . | . . . . . Garrison Access . | . . . . . Total Hacks 4 | . . 4 . . Successful 4 | . . 4 . . Failed . | . . . . . Catastrophic . | . . . . . Database Lockouts . | . . . . . Manual . | . . . . . Terminals . | . . . . . Fabricators . | . . . . . Repair Stations . | . . . . . Recycling Units . | . . . . . Scanalyzers . | . . . . . Garrison Access . | . . . . . Terminal Hacks 4 | . . 4 . . Record 4 | . . 4 . . Fabricator Hacks . | . . . . . Repair Station Hacks . | . . . . . Recycling Unit Hacks . | . . . . . Scanalyzer . | . . . . . Garrison Access Hacks . | . . . . . Unauthorized Hacks . | . . . . . Terminals . | . . . . . Fabricators . | . . . . . Repair Stations . | . . . . . Recycling Units . | . . . . . Scanalyzers . | . . . . . Garrison Access . | . . . . . Data Cores Recovered . | . . . . . Used . | . . . . . Hacking Detections . | . . . . . Full Trace Events . | . . . . . Feedback Events . | . . . . . Feedback Blocked . | . . . . . Robot Schematics Acquired . | . . . . . Robots Built . | . . . . . Authchips . | . . . . . Time . | . . . . . Total Robot Build Rating . | . . . . . Part Schematics Acquired . | . . . . . Parts Built . | . . . . . Authchips . | . . . . . Time . | . . . . . Total Part Build Rating . | . . . . . Part Studies Acquired . | . . . . . Parts Repaired . | . . . . . Time . | . . . . . Parts Recycled . | . . . . . Recycled Matter . | . . . . . Retrieved Matter . | . . . . . Retrieved Components . | . . . . . Parts Scanalyzed . | . . . . . Part Schematics Acquired . | . . . . . Parts Damaged . | . . . . . Bothacking | -11 -10 -10 -9 -9 ------------ Run | Yrd Mat Sub Rec Scr Used RIF Installer . | . . . . . Robots Hacked . | . . . . . Non-combat . | . . . . . Combat . | . . . . . Robot Hacks Applied . | . . . . . Relay Couplers Released . | . . . . . Fabnet Peak Effective % . | . . . . . Robots Rewired . | . . . . . Allies Hacked . | . . . . . Hacks Repelled . | . . . . . Allies | -11 -10 -10 -9 -9 -------- Run | Yrd Mat Sub Rec Scr Total Allies . | . . . . . Largest Group . | . . . . . Highest-Rated Group . | . . . . . Highest-Rated Ally . | . . . . . Total Orders . | . . . . . Ally Attacks . | . . . . . Total Damage . | . . . . . Kills . | . . . . . Allies Corrupted . | . . . . . Allies Melted . | . . . . . Intel | -11 -10 -10 -9 -9 ------- Run | Yrd Mat Sub Rec Scr Active Infowar (turns) 1761 | 11 454 872 115 309 Terrain 1761 | 11 454 872 115 309 Robot Analysis Total . | . . . . . Derelict Logs Recovered 1 | . . 1 . . Drone Launches . | . . . . . Drone Recoveries . | . . . . . Exploration | -11 -10 -10 -9 -9 ------------- Run | Yrd Mat Sub Rec Scr Turns Passed 1954 | 31 454 872 115 482 Spaces Moved 1872 | 24 164 706 161 817 Core 169 | 24 127 . . 18 Treads . | . . . . . Legs . | . . . . . Wheels . | . . . . . Hover 578 | . 37 541 . . Flight 1125 | . . 165 161 799 Fastest Speed 50 | 50 50 55 55 50 Average Speed 55 | 77 51 55 55 54 Slowest Speed 100 | 100 60 56 55 55 Overloaded Moves . | . . . . . Propulsion Burnouts . | . . . . . Robots Hopped 1 | . . 1 . . Potential Cave-ins 175 | . . . . 175 Cave-ins Triggered 11 | . . . . 11 Exploration Rate (%) 42 | 3 37 58 44 71 Regions Visited 4 Branch Regions 3 Pre-discovered Areas 1 | . . 1 . . Known Exits Taken . | . . . . . Unknown Exits Taken 4 | 1 1 1 1 . Scrap Searched 1 | . . . . 1 Spaces Dug 227 | . . . . 227 Terrain Destroyed 199 | . . . . 199 Melee . | . . . . . Projectile . | . . . . . AOE . | . . . . . Terrain Rammed . | . . . . . Walls Destroyed . | . . . . . Machines Disabled . | . . . . . Actions | -11 -10 -10 -9 -9 --------- Run | Yrd Mat Sub Rec Scr Total 2746 | 31 532 1169 186 828 Wait 848 | . 367 455 26 . Move 1855 | 23 163 703 160 806 Hop 1 | . . 1 . . Pick Up . | . . . . . Fast Attach 9 | 4 2 2 . 1 Attach . | . . . . . Detach . | . . . . . Swap 1 | . . 1 . . Drop 3 | 2 . . . 1 Fire 19 | 2 . 7 . 10 Melee . | . . . . . Ram . | . . . . . Kick . | . . . . . Crush . | . . . . . Escape Stasis 10 | . . . . 10 Rewire . | . . . . . Trap . | . . . . . Miscellaneous . | . . . . . Route ------- -11/Scrapyard -10/Materials (discovered 3 exits: [*Mat] / [*Min] / *Sub) -10/Subcaves (discovered 2 exits: [*Mat] / [*Rec]) -9/Recycling (discovered 2 exits: [*Fac] / [*Scr]) -9/Scraptown (discovered 1 exit: [*Fac]) History --------- Turn | Location | Event 5 | -11/Scrapyard | Discovered new exit (range 15) 7 | -11/Scrapyard | Upgraded with Utility slot (x1) 7 | -11/Scrapyard | Upgraded with Weapon slot (x1) 32 | -11/Scrapyard | Entered Materials 217 | -10/Materials | Discovered new exit (range 16) 239 | -10/Materials | Discovered new exit (range 3) 244 | -10/Materials | Upgraded with Propulsion slot (x1) 284 | -10/Materials | Discovered new exit (range 7) 304 | -10/Materials | Build established: Mutant 486 | -10/Materials | Entered Subcaves 602 | -10/Subcaves | A swath of the cavern ceiling suddenly collapsed 759 | -10/Subcaves | Visited Clippyterm 760 | -10/Subcaves | Learned Factory emergency access door positions 760 | -10/Subcaves | Learned Research machine intel 767 | -10/Subcaves | Learned location of Recycling (-9) 801 | -10/Subcaves | Discovered new exit (range 16) 1152 | -10/Subcaves | Discovered new exit (range 13) 1247 | -10/Subcaves | Shifting Twisted Machinery released Mak. Light Armor Plating 1247 | -10/Subcaves | Shifting Twisted Machinery released Mak. Flight Unit 1304 | -10/Subcaves | Visited 4L-MR0's lab 1309 | -10/Subcaves | Core integrity fell below 50% 1358 | -10/Subcaves | Entered Recycling 1360 | -9/Recycling | Reached level 2 1404 | -9/Recycling | Discovered new exit (range 14) 1458 | -9/Recycling | Scanned before Scraplab entrance 1466 | -9/Recycling | Entered Scraplab 1471 | -9/Recycling | Discovered new exit (range 3) 1473 | -9/Recycling | Entered Scraptown 1491 | -9/Scraptown | Heard Great Nut preacher, LISTEN AND RECITE! 1492 | -9/Scraptown | Visited Assassins FH 1497 | -9/Scraptown | Visited Comm Corps 1504 | -9/Scraptown | Visited Bundlers 1510 | -9/Scraptown | Visited Red Mages 1558 | -9/Scraptown | Visited UFD Registry 1558 | -9/Scraptown | Registered with UFD as "Nukecell" 1606 | -9/Scraptown | Visited Modified Component R&D 1626 | -9/Scraptown | Visited Curators Association 1643 | -9/Scraptown | Visited Observation Area 1650 | -9/Scraptown | Visited Scrapoid Pod Storage 1658 | -9/Scraptown | Visited Analyses Database 1672 | -9/Scraptown | Visited Science Testing Area 1679 | -9/Scraptown | Visited LU-1G1's Boring Crew 1687 | -9/Scraptown | Visited Abandonware Association 1754 | -9/Scraptown | Attacked by Scraptown defenders 1761 | -9/Scraptown | Found Prototype Special Weapon 1761 | -9/Scraptown | Identified LU-1G1's Laser Shovel 1782 | -9/Scraptown | Crushed by falling debris 1796 | -9/Scraptown | Crushed by falling debris 1829 | -9/Scraptown | Crushed by falling debris 1833 | -9/Scraptown | Crushed by falling debris 1834 | -9/Scraptown | Core integrity fell below 20% 1882 | -9/Scraptown | Crushed by falling debris 1916 | -9/Scraptown | Crushed by falling debris 1916 | -9/Scraptown | Discovered new exit (range 4) 1923 | -9/Scraptown | Crushed by falling debris 1931 | -9/Scraptown | Crushed by falling debris 1941 | -9/Scraptown | Crushed by falling debris 1942 | -9/Scraptown | Crushed by falling debris 1943 | -9/Scraptown | System corruption reached 10% 1955 | -9/Scraptown | Crushed by falling debris 1955 | -9/Scraptown | Smashed by cave-in Last Messages --------------- 01931_ The unstable cave ceiling collapses. 01931_ Crushed by falling debris. 01932_ LU-1G1's Laser Shovel disintegrates Earth. 01941_ LU-1G1's Laser Shovel disintegrates Reinforced Barrier. 01941_ The unstable cave ceiling collapses. 01941_ Crushed by falling debris. 01942_ LU-1G1's Laser Shovel disintegrates Earth. 01942_ The unstable cave ceiling collapses. 01942_ Crushed by falling debris. 01942_ Mak. Flight Unit destroyed. 01942_ System corrupted by crushing effect (+3). 01943_ Beam penetrates Earth. 01943_ Earth disintegrates. 01943_ Beam penetrates Earth. 01943_ Earth disintegrates. 01943_ Beam penetrates Reinforced Barrier. 01943_ Reinforced Barrier disintegrates. 01947_ LU-1G1's Laser Shovel disintegrates Reinforced Barrier. 01955_ The unstable cave ceiling collapses. 01955_ Crushed by falling debris. Map ----- +----------------------------------------------------+ | | | | | | | | | | | | | | | #"##?????????????????????? | | ######################## " #?????????????????????? | | ???????????????????????# " #?????????????????????? | | ???????????????????????##;##?????????????????????? | | ????????????????????????#;#??????????????????????? | | ????????????????????????#;#??????????????????????? | | ???????? ???????????????#;#??????????????????????? | | ?#??????????????????????#;#??????????????????????? | | ##??????????????????????#;#????????#?????????????? | | #??? ???????????????????#;#??????????????????????? | | #??"??"?????????????????#;#???????????#??????????? | | ???????????????????????#;#??#??#????????????????? | | ?????? ????????????????#;#????#?#???????#???????? | | ? ?? ? ?? ????????????#;#?#????#??????#????????? | | ???#?#??#?"?????????????#;#?#??#??????##????#????? | | ##??##?##???????????????#;#??#??###??#??###??????? | | #########?"??????????#??#;#????#?#?#?#??#????????? | | """""""#??"? ???????????#;#?#??#?##?##?#?????????? | | ""##?"? ???????????#@#??#?##?#?#??#?????????? | | "###""?"?"??????#?#;#?##############????#?#? | | ""#?##?#####??#?##?#?#?#""""""""""""####?#### | | """""""##?##??#??#?##?###?#?#" " #"""""""#???# #"# | | #"""####?##?#?????#???####### # [ " "#??##?# " | | ######?#?####""???"?"??###?#####+# ["##?#" " | | ###?##??""? #""??# X?#####""" "#####"" | | ####?## | | #???"? "##???#"[ "#####]" | | ##??###"""" #""""? ??X????##"" """""#?###"" | | ##?#### ||| #??"?#"#""?#??###" "######?#" | | #?#####"""" ###### ##########X """""##?##"" | | #####?# | | #" ?####### = ###?#&" | | ###??##"""" #X ? "?#####" #####"" | | #####?# || #" ?? ???#?##" ###?" ? | | ??#?### # ??? #???########### #####?#?### | | ######### ##### #############???###### ########### | | #?#?#?###"""" """"""""""" | | ###??####" | | #?#######" | | ##???####" | | ###?##?##" | | ################ ##?######" | | """"""""?##?# #####"""" """""""""" | | """ """#??#### #####"""" """""""""" | | """ +! ?### #?###"""" ""###### | +----------------------------------------------------+ Best States ------------- Heat Dissipation 25 Energy Generation 20 Energy Capacity 200 Matter Stores 300 Matter Capacity 300 Sight Range 16 Terrain Scan Range 16 Terrain Scan Density 310 Evasion (%) 59 Item Schematics ----------------- None Robot Schematics ------------------ None Fabricated ------------ Nothing Repaired ---------- Nothing Studied --------- None Alien Tech Used ----------------- None Achievements -------------- This Is My Hole Challenges ------------ None RPGLIKE | -11 -10 -10 -9 -9 --------- Run | Yrd Mat Sub Rec Scr Levels Raised 1 | . . . 1 . XP Earned 5650 | 3000 . 1000 1000 650 XP Spent 2995 | 1270 800 925 . . Upgrades 19 | 5 2 12 . . Propulsion Slot 1 | . 1 . . . Utility Slot 1 | 1 . . . . Weapon Slot 1 | 1 . . . . Core Integrity 11 | . . 11 . . Energy Generation 1 | . 1 . . . Mass Support 1 | . . 1 . . Terrain Scan Density 3 | 3 . . . . Protomatter Created . | . . . . . Protomatter Decayed . | . . . . . Game ------ Seed DamperScanAirjet Manual? 0 Play Time 00:11:56 Cumulative 639.8 hours Start 2026.07.06 @ 12:43:25 End 2026.07.06 @ 12:52:09 Sessions 1 Manual Loads 0 Difficulty Rogue Special Mode Winter2019/RPGLIKE Game No. 254 Rogue 100 Adventurer 154 Explorer 0 Win Type - Total 21 Types 4/4/4/3/2/1/0/1/1/1 Lore% 95 Gallery% 88 Achievement% 63 Wizard Run 0 Options --------- Layout 0 ASCII 0 Keyboard 0 Movement Numpad Keybinds 0 Fullscreen 2 Font 18/SmallcapsGlow Map View 76x50 Zoom Use 0% Tactical HUD 1 Map Filters NONE Filters NONE Steam 1 RUN: e0001488-597f-4ca0-b1df-53db8ae3dab1